 Dungeon Crawl Stone Soup version 0.25-a0-294-gea9b1ad (webtiles) character file.

Game seed: 11435334154056911660, levelgen mode: deterministic

189 MrTaco21 the Poker (level 5, -3/45 HPs)
             Began as a Minotaur Fighter on Dec 17, 2019.
             Slain by Crazy Yiuf
             ... wielding a +2 quarterstaff of chaos
              (11 damage)
             ... on level 3 of the Dungeon.
             The game lasted 00:04:33 (2320 turns).

MrTaco21 the Poker (Minotaur Fighter)               Turns: 2320, Time: 00:04:33

Health: -3/45      AC:  7    Str: 21    XL:     5   Next: 40%
Magic:  4/4        EV:  4    Int:  5    God:
Gold:   95         SH:  0    Dex: 10    Spells: 4/4 levels left

rFire    . . .     SeeInvis .   a - +0 trident
rCold    . . .     Gourm    .   c - +0 shield
rNeg     . . .     Faith    .   p - +1 scale mail {MR+}
rPois    .         Spirit   .   (helmet restricted)
rElec    .         Reflect  .   (no cloak)
rCorr    .         Harm     .   (no gloves)
MR       +....                  (no boots)
Stlth    ..........             (no amulet)
HPRegen  0.15/turn              (no ring)
MPRegen  0.09/turn              (no ring)

@: petrifying, slowed, very slow
A: retaliatory headbutt, horns 2
a: no special abilities


You were on level 3 of the Dungeon.
You were not hungry.

You visited 1 branch of the dungeon, and saw 3 of its levels.

You collected 95 gold pieces.

Inventory:

Hand Weapons
 a - a +0 trident (weapon)
Armour
 c - a +0 shield (worn)
 p - a +1 scale mail of magic resistance (worn)
   (You took it off Terence on level 2 of the Dungeon)
Jewellery
 n - a +5 ring of protection {unknown}
   (You found it on level 2 of the Dungeon)
Scrolls
 f - 3 scrolls of identify {unknown}
 i - a scroll of random uselessness {unknown}
 j - 2 scrolls of amnesia {unknown}
 l - a scroll of enchant armour {unknown}
Potions
 b - a potion of haste {@q3}
 d - a potion of might
 h - 2 potions of lignification {unknown}
 k - a potion of heal wounds {unknown}
 m - a potion of resistance {unknown}
 o - a potion of agility
Comestibles
 e - 9 rations {!d}
 g - 2 chunks of flesh


   Skills:
 - Level 3.6 Fighting
 + Level 6.9 Polearms
 - Level 3.6 Armour
 - Level 3.6 Shields


You had 4 spell levels left.
You didn't know any spells.
Your spell library was empty.

Dungeon Overview and Level Annotations

Branches:
Dungeon (3/15)

Altars:
Ashenzari
Elyvilon
Trog
Uskayaw

Annotations:
D:3 Crazy Yiuf


Innate Abilities, Weirdness & Mutations

You reflexively headbutt those who attack you in melee.
You have a pair of horns on your head.


Message History

There is a shattered altar of Ashenzari here.
You now have 95 gold pieces (gained 10).
A bat comes into view.
Found a chain mail.
A bat is nearby!
A bat is nearby!
Attack whom?
Aim: a bat You reach to attack!
You hit the bat. The bat hits you but does no damage.
Attack whom?
Aim: a bat (severely wounded)
You reach to attack!
You hit the bat but do no damage. The bat hits you but does no damage.
Attack whom?
Aim: a bat (severely wounded)
You reach to attack!
You hit the bat.
You kill the bat!
Found a lumpy red potion.
m - a lumpy red potion You see here a chain mail.
Eating one of 3 chunks of flesh.
You eat one of the 3 chunks of flesh.
You see here a robe.
There is a stone staircase leading down here.
You see here a +0 dagger.
Crazy Yiuf shouts!
You open the door. You puncture Crazy Yiuf! You headbutt Crazy Yiuf.
You block Crazy Yiuf's attack.
You hit Crazy Yiuf. Your headbutt misses Crazy Yiuf.
Crazy Yiuf hits you but does no damage.
You feel yourself slow down.
You hit Crazy Yiuf. You block Crazy Yiuf's attack.
You barely miss Crazy Yiuf. Your headbutt misses Crazy Yiuf.
Crazy Yiuf hits you but does no damage. x2
You are electrocuted!!
You closely miss Crazy Yiuf. Crazy Yiuf hits you but does no damage.
You hit Crazy Yiuf but do no damage. Your headbutt misses Crazy Yiuf.
Crazy Yiuf hits you with a +2 quarterstaff of chaos!
* * * LOW HITPOINT WARNING * * *
Crazy Yiuf freezes you.
* * * LOW HITPOINT WARNING * * *
You hit Crazy Yiuf but do no damage.
Crazy Yiuf hits you with a +2 quarterstaff of chaos.
* * * LOW HITPOINT WARNING * * *
You are slowing down.
Crazy Yiuf says, "I'm not crazy!"
Crazy Yiuf hits you with a +2 quarterstaff of chaos!
* * * LOW HITPOINT WARNING * * *
You are electrocuted!
You die...

).)..#.#.#
#.............# #.#
#.##.#.#.#
#.###.#######.# #.#
#.##.#.#.# #.# #.#
#.#####.# #.##.#..>#
### ### #........
#..#.###.# #######.#
#..#.# ### ########
#.# #..#.# ###
###.#....## #.#
..>#.#####
#...##..#......## #.#
....#.#..#
#...g@####......####.#
...#.....# #)..###
##...........
...##.#..# ###
#####......#
......#..# #.######
##.####.## #.# ##.#
#.# ### #.# ##.# #.#
#.# #.# ##.# #.# #.#
#.# ##.# #.# #.# #.#


You could see Crazy Yiuf.

Vanquished Creatures
  Terence (D:2)
  Natasha (D:2)
  A worker ant (D:3)
  Robin (D:3)
  2 adders (D:2)
  An adder skeleton (D:3)
  A worm (D:3)
  4 dart slugs
  3 leopard geckos
  5 orcs (D:3)
  A giant cockroach (D:2)
  12 goblins
  8 hobgoblins
  3 ball pythons
  9 bats
  6 frilled lizards
  6 kobolds
  7 rats
72 creatures vanquished.

Notes
Turn   | Place    | Note
-------+----------+-------------------------------------------
     0 | D:1      | MrTaco21 the Minotaur Fighter began the quest for the Orb.
     0 | D:1      | Reached XP level 1. HP: 19/19 MP: 0/0
    73 | D:1      | Reached skill level 3 in Polearms
   158 | D:1      | Reached XP level 2. HP: 26/26 MP: 1/1
   343 | D:1      | Reached skill level 4 in Polearms
   867 | D:2      | Reached XP level 3. HP: 27/31 MP: 2/2
  1014 | D:2      | Reached skill level 5 in Polearms
  1062 | D:2      | Noticed Terence
  1072 | D:2      | Killed Terence
  1072 | D:2      | Reached XP level 4. HP: 25/39 MP: 3/3
  1192 | D:2      | Noticed Natasha
  1198 | D:2      | Killed Natasha
  1331 | D:2      | Reached skill level 6 in Polearms
  1567 | D:3      | Found a white marble altar of Elyvilon.
  1626 | D:3      | Noticed Robin
  1636 | D:3      | Killed Robin
  1636 | D:3      | Reached XP level 5. HP: 45/45 MP: 4/4
  1959 | D:3      | Found a runed translucent door.
  1960 | D:3      | Noticed Crazy Yiuf
  2064 | D:3      | Noticed a +0 dagger
  2064 | D:3      | Noticed a +0 hand axe
  2089 | D:3      | Found a hide-covered altar of Uskayaw.
  2153 | D:3      | Found a bloodstained altar of Trog.
  2162 | D:3      | Found a shattered altar of Ashenzari.
  2320 | D:3      | Slain by Crazy Yiuf

Levels and vault maps discovered:
D:1:      erik_arrival_cave_to_civilisation [erik_arrival_cave_to_hall],
          layout_loops_ring, minmay_unequal
D:2:      layout_basic, uniq_terence, uniq_natasha
D:3:      layout_loops_ring, dancing_weapons_uskayaw, lemuel_crystal_altar,
          nicolae_overflow_crystal_walls, elyvilon_altar_4, first_ration,
          uniq_crazy_yiuf_cottage, uniq_robin

Skill      XL: |  1  2  3  4 |
---------------+-------------+-----
Polearms       | 3 4 5 6 |  6.9
Fighting       | |  3.6
Armour         | |  3.6
Shields        | |  3.6

Action                   |  1- 3 |  4- 6 || total
-------------------------+-------+-------++-------
Melee: Trident           |   100 |    98 ||   198
       Headbutt          |    11 |    13 ||    24
  Eat: Chunk             |     1 |     4 ||     5
Armor: Scale mail        |    12 |    20 ||    32
       Chain mail        |    24 |       ||    24
Dodge: Dodged            |    20 |    12 ||    32
Block: Shield            |    29 |    30 ||    59

Table legend:
 A = Non-vault XP
 B = Vault XP
 C = Vault XP percentage of total XP
 D = Non-vault monster count
 E = Vault monster count
 F = Vault count percentage of total count
                 A         B        C        D         E       F
            +---------+---------+-------+---------+---------+-------
      Total |     165 |     106 |  39.1 |      58 |      14 |  19.4
            +---------+---------+-------+---------+---------+-------
        D:1 |      33 |       2 |   5.7 |      18 |       1 |   5.3
        D:2 |      54 |      71 |  56.8 |      22 |       2 |   8.3
        D:3 |      78 |      33 |  29.7 |      18 |      11 |  37.9
            +---------+---------+-------+---------+---------+-------
